 Seeded DCSS version 0.30.1-11-g7821555f0a (webtiles) character file.

Game seed: 12756009894327649987 (custom seed)

14 Psyclone the Conjurer (level 2, 13/15 HPs)
             Began as a Deep Elf Conjurer on Nov 6, 2023.
             Quit the game on level 1 of the Dungeon.
             The game lasted 00:01:18 (473 turns).

Psyclone the Conjurer (Deep Elf Conjurer)            Turns: 473, Time: 00:01:19

Health: 13/15      AC:  2    Str:  4    XL:     2   Next: 31%
Magic:  5/8        EV: 12    Int: 22    God:
Gold:   49         SH:  0    Dex: 13    Spells: 7/8 levels left

rFire   . . .        (no weapon)
rCold   . . .        (no shield)
rNeg    . . .        a - +0 robe
rPois   .            (no helmet)
rElec   .            (no cloak)
rCorr   .            (no gloves)
SInv    .            (no boots)
Will    .....        (no amulet)
Stlth   ++           (no ring)
HPRegen 0.22/turn    (no ring)
MPRegen 0.11/turn

%: no passive effects
@: no status effects
A: no striking features
a: no special abilities


You were on level 1 of the Dungeon.
You visited 1 branch of the dungeon, and saw 1 of its levels.

You collected 49 gold pieces.

Inventory:

Armour
 a - a +0 robe (worn)
Jewellery
 d - a ring of flight
 f - a ring of positive energy
Scrolls
 c - a scroll of noise {unknown}
 e - 2 scrolls of identify {unknown}
Potions
 b - a potion of magic
 g - a potion of might {unknown}


   Skills:
 - Level 2.4 Dodging
 - Level 2.4 Stealth
 + Level 3.6 Spellcasting
 + Level 4.7 Conjurations


You had 7 spell levels left.
You knew the following spells:

 Your Spells              Type           Power      Damage    Failure   Level
a - Magic Dart            Conj           100%       1d8       1%          1

Your spell library contained the following spells:

 Spells                   Type           Power      Damage    Failure   Level
 Searing Ray              Conj           50%        2d6       2%          2
 Dazzling Flash           Conj/Hex       28%        N/A       13%         3
 Fulminant Prism          Conj/Hex       7%         3d6       41%         4
 Iskenderun's Mystic Bla  Conj/Tloc      14%        2d5       41%         4


Dungeon Overview and Level Annotations

Branches:
Dungeon (1/15) Zot: 5527

Altars:


Message History

There is a faded altar of an unknown god here.
Casting: Magic Dart (safe; 1% risk of failure)
Confirm with . or Enter, or press ? or * to list all spells.
Aiming: Magic Dart (safe; 1% risk of failure)
Press: ? - help, Shift-Dir - straight line, f - bat
Aim: a bat (100% to hit)
The magic dart hits the bat but does no damage.
The bat barely misses you. The bat hits you.
You take 1 damage, and have 14/15 hp.
You now have 7/8 mp.
Casting: Magic Dart (safe; 1% risk of failure)
Confirm with . or Enter, or press ? or * to list all spells.
Aiming: Magic Dart (safe; 1% risk of failure)
Press: ? - help, Shift-Dir - straight line, f/p - bat
Aim: a bat (100% to hit)
The magic dart hits the bat.
The bat is severely wounded.
The bat hits you.
You take 1 damage, and have 13/15 hp.
You now have 6/8 mp.
Casting: Magic Dart (safe; 1% risk of failure)
Confirm with . or Enter, or press ? or * to list all spells.
Aiming: Magic Dart (safe; 1% risk of failure)
Press: ? - help, Shift-Dir - straight line, f/p - bat
Aim: a bat (severely wounded, 100% to hit)
The magic dart hits the bat.
You kill the bat!
You now have 5/8 mp.
Casting: Magic Dart (safe; 1% risk of failure)
Confirm with . or Enter, or press ? or * to list all spells.
You can't see any susceptible monsters within range! (Use Z to cast anyway.) Unknown command.
Press < or > to pray at altars.
This altar belongs to (a) Wu Jian, (b) Qazlal or (c) Makhleb, but you can't tell which.
Press the corresponding letter to learn more about a god, or press enter to convert or escape to cancel.
Okay, then.
Unknown command.
Press < or > to pray at altars.
Unknown command.
Press < or > to pray at altars.
Unknown command.
Press < or > to pray at altars.
Are you sure you want to abandon this character and quit the game? (Confirm with "yes".)

.......##.....##
.......##......#
.......##......#
.......##......##
#.###..####.##..#####
#.# ##..###.#.......#
#.#####..##.#.##.##.###
..#......##...#...#...#
###.####......†.@.†.#
........####.#...#.....
#.#####.# #.##.##.#.##
... #.......# # ....
##.##..## .....# .#
...# ......# .# ##.#
###..... .# ##


There were no monsters in sight!

Vanquished Creatures
  A ball python (D:1)
  A bat (D:1)
  An endoplasm (D:1)
  A giant cockroach (D:1)
  3 hobgoblins (D:1)
  3 quokkas (D:1)
  A frilled lizard (D:1)
11 creatures vanquished.

Notes
Turn   | Place    | Note
-------+----------+-------------------------------------------
     0 | D:1      | Psyclone the Deep Elf Conjurer began the quest for the Orb.
     0 | D:1      | Reached XP level 1. HP: 10/10 MP: 6/6
   216 | D:1      | Reached XP level 2. HP: 11/15 MP: 0/8
   371 | D:1      | Found a faded altar of an unknown god.
   473 | D:1      | Quit the game

Illustrated notes

Levels and vault maps discovered:
D:1:      dpeg_arrival_pits, layout_basic, ebering_ecumenical_altar_box

Action                     || total
---------------------------++-------
   Cast: Magic Dart        ||    30
 Armour: Robe              ||     1
  Dodge: Dodged            ||     6
